 Dungeon Crawl Stone Soup version 0.28.0-43-g3370ac3207 (webtiles) character file.

Game seed: 17631059658865132594

21 eliilek the Shield-Bearer (level 2, -3/27 HPs)
             Began as a Minotaur Fighter on Mar 4, 2022.
             Slain by a gnoll
             ... wielding a +0 flail
              (5 damage)
             ... on level 1 of the Dungeon.
             The game lasted 00:01:26 (602 turns).

eliilek the Shield-Bearer (Minotaur Fighter)         Turns: 602, Time: 00:01:27

Health: -3/27      AC:  7    Str: 20    XL:     2   Next: 62%
Magic:  1/1        EV:  9    Int:  5    God:
Gold:   60         SH:  4    Dex:  9    Spells: 1/1 levels left

rFire   . . .      SeeInvis .   a - +0 flail
rCold   . . .      Faith    .   c - +0 buckler
rNeg    . . .      Spirit   .   b - +0 scale mail
rPois   .          Reflect  .   (helmet restricted)
rElec   .          Harm     .   (no cloak)
rCorr   .          Rampage  .   (no gloves)
Will    .....                   (no boots)
Stlth   ..........              (no amulet)
HPRegen 0.09/turn               (no ring)
MPRegen 0.07/turn               (no ring)

@: no status effects
A: horns 2, retaliatory headbutt
a: no special abilities


You were on level 1 of the Dungeon.
You visited 1 branch of the dungeon, and saw 1 of its levels.

You collected 60 gold pieces.

Inventory:

Hand Weapons
 a - a +0 flail (weapon)
Missiles
 e - 3 boomerangs (quivered)
Armour
 b - a +0 scale mail (worn)
 c - a +0 buckler (worn)
Scrolls
 f - a scroll of amnesia {unknown}
 h - a scroll of noise {unknown}
 i - 3 scrolls of identify {unknown}
 j - a scroll of immolation {unknown}
Potions
 d - a potion of might
 g - a potion of heal wounds {unknown}


   Skills:
 + Level 3.8 Fighting
 * Level 3.0 Maces & Flails
 + Level 3.8 Armour
 * Level 4.0 Shields


You had one spell level left.
You didn't know any spells.
Your spell library contained the following spells:

 Spells                   Type           Power      Damage    Failure   Level
 Alistair's Intoxication  Tmut/Pois      0%         N/A       100%        5
 Borgnjor's Vile Clutch   Necr/Erth      0%         N/A       100%        5
 Eringya's Noxious Bog    Tmut/Pois      0%         N/A       100%        6


Dungeon Overview and Level Annotations

Branches:
Dungeon (1/15)

Altars:


Innate Abilities, Weirdness & Mutations

You have a pair of horns on your head.
You reflexively headbutt those who attack you in melee.


Message History

The quokka barely misses you.
You closely miss the quokka.
The quokka bites you but does no damage.
The kobold throws a stone.
You block the stone.
A gnoll comes into view. It is wielding a +0 flail.
You miss the quokka. The quokka barely misses you.
The kobold throws a stone.
The stone hits you but does no damage.
The quokka bites you but does no damage.
You hit the quokka. Your headbutt misses the quokka.
The quokka is heavily wounded.
The quokka barely misses you.
You hit the quokka.
You kill the quokka!
You closely miss the kobold. The kobold hits you but does no damage.
You closely miss the kobold. Your headbutt misses the kobold.
The kobold hits you but does no damage.
You hit the gnoll.
The gnoll is lightly wounded.
The kobold hits you with a +0 dagger. The gnoll hits you with a +0 flail.
You closely miss the gnoll.
The gnoll is lightly wounded.
The kobold barely misses you. The gnoll hits you with a +0 flail!
You are too injured to fight recklessly!
You are too injured to fight recklessly!
You are too injured to fight recklessly!
You miss the kobold. Your headbutt misses the kobold.
You block the kobold's attack. The gnoll hits you but does no damage.
The kobold hits you but does no damage. You block the gnoll's attack.
You barely miss the kobold. The kobold hits you with a +0 dagger.
The gnoll hits you but does no damage.
You closely miss the kobold. The kobold hits you with a +0 dagger.
* * * LOW HITPOINT WARNING * * *
The gnoll barely misses you.
You closely miss the kobold. Your headbutt misses the kobold.
The kobold hits you with a +0 dagger.
* * * LOW HITPOINT WARNING * * *
The gnoll hits you with a +0 flail.
* * * LOW HITPOINT WARNING * * *
The kobold hits you but does no damage. The gnoll hits you with a +0 flail.
You die...

†#.##.....##..'......⌠...⌠.......
...#####..######...............##
...#####.># ####.........####
##.......## ###########
##.#......##############
##.#....................
##.#....÷...............
........(........g......
##.#......######@K......
##.#......# #........ #.........#
#........ ..........# .........
#.........# ......... #...#######
....##.... #.).# ....# .... #...#
.....# ... #...#


You could see a gnoll and a kobold.

Vanquished Creatures
  A bat (D:1)
  2 endoplasms (D:1)
  3 jackals (D:1)
  3 kobolds (D:1)
  2 quokkas (D:1)
  2 ball pythons (D:1)
  2 frilled lizards (D:1)
  3 rats (D:1)
18 creatures vanquished.

Notes
Turn   | Place    | Note
-------+----------+-------------------------------------------
     0 | D:1      | eliilek the Minotaur Fighter began the quest for the Orb.
     0 | D:1      | Reached XP level 1. HP: 19/19 MP: 0/0
   275 | D:1      | Reached XP level 2. HP: 27/27 MP: 1/1
   416 | D:1      | Reached skill level 4 in Shields
   602 | D:1      | Slain by a gnoll

Illustrated notes

Levels and vault maps discovered:
D:1:      dpeg_arrival_stone_temple_mockup, layout_basic

Skill      XL: |  1  2 |
---------------+-------+-----
Shields        | 4 |  4.0
Maces & Flails | 3 |  3.0
Fighting       | |  3.8
Armour         | |  3.8

Action                   || total
-------------------------++-------
Melee: Flail             ||    42
       Headbutt          ||     2
Armor: Scale mail        ||    33
Dodge: Dodged            ||    21
Block: Buckler           ||    10
